 Dungeon Crawl Stone Soup version 0.25-a0-576-g50b708a4c4 (webtiles) character file.

Game seed: 10678455544639907649, levelgen mode: deterministic

421 Korbacwystan the Skirmisher (level 6, -5/56 HPs)
             Began as a Draconian Berserker on Mar 1, 2020.
             Was a Priest of Trog.
             Killed by divine providence
             ... invoked by an orc priest
              (12 damage)
             ... on level 5 of the Dungeon.
             The game lasted 00:20:42 (3967 turns).

Korbacwystan the Skirmisher (Draconian Berserker)   Turns: 3967, Time: 00:20:44

Health: -5/56      AC:  7    Str: 20    XL:     6   Next: 62%
Magic:  6/6        EV: 11    Int:  7    God:    Trog [***...]
Gold:   211        SH:  7    Dex: 12    Spells: 5/5 levels left

rFire    . . .     SeeInvis +   a - +0 falchion
rCold    . . .     Gourm    .   q - +0 kite shield
rNeg     + . .     Faith    .   (armour unavailable)
rPois    .         Spirit   .   (helmet restricted)
rElec    .         Reflect  .   (no cloak)
rCorr    .         Harm     .   (no gloves)
MR       .....                  n - +0 pair of boots
Stlth    +.........             (no amulet)
HPRegen  0.18/turn              e - ring of see invisible
MPRegen  0.10/turn              t - ring of positive energy

@: flying, slowed, very slow
A: unfitting armour, cold-blooded, AC +6
a: Berserk, Trog's Hand, Renounce Religion


You were on level 5 of the Dungeon.
You worshipped Trog.
Trog was most pleased with you.
You were not hungry.

You visited 1 branch of the dungeon, and saw 5 of its levels.
You also visited: Sewer.

You collected 211 gold pieces.

Inventory:

Hand Weapons
 a - a +0 falchion (weapon)
Armour
 g - a +0 scale mail
 k - a +0 scale mail
 n - a +0 pair of boots (worn)
 q - a +0 kite shield (worn)
Jewellery
 e - a ring of see invisible (left hand)
 t - a ring of positive energy (right hand)
Wands
 m - a wand of iceblast (10)
Scrolls
 c - 2 scrolls of noise {unknown}
 f - 6 scrolls of remove curse
 h - 2 scrolls of teleportation
 r - a scroll of enchant armour {unknown}
 u - a scroll of enchant weapon {unknown}
 v - a scroll of immolation {unknown}
Potions
 i - 2 potions of mutation
 j - 3 potions of flight
 l - 2 potions of brilliance {unknown}
 o - a potion of degeneration {unknown}
 p - 2 potions of invisibility {unknown}
 s - 2 potions of heal wounds {unknown}
 w - a potion of haste {unknown}
Comestibles
 b - 8 rations


   Skills:
 + Level 5.6 Fighting
 + Level 5.1 Long Blades
 + Level 4.1 Dodging
 * Level 0.4 Shields


You had 5 spell levels left.
You didn't know any spells.
Your spell library was empty.

Dungeon Overview and Level Annotations

Branches:
Dungeon (5/15)              Sewer (visited)
 Temple: D:4-7

Altars:
Nemelex Xobeh
Vehumet
Zin
The Shining One


Innate Abilities, Weirdness & Mutations

Your plain brown scales are hard. (AC +6)
You cannot fit into any form of body armour.
You are cold-blooded and may be slowed by cold attacks.


Message History

You block the orc priest's attack.
You closely miss the orc priest.
The orc priest is almost dead.
The quokka bites you. You block the quokka's attack.
The orc priest calls down the wrath of Beogh upon you.
Beogh smites you!
* * * LOW HITPOINT WARNING * * *
The orc wizard mumbles some strange words.
The orc wizard blinks!
You feel better.
The quokka bites you but does no damage.
The orc priest casts a cantrip, but nothing happens.
You block the quokka's attack. The orc priest barely misses you.
It was a potion of flight.
You feel very buoyant.
You fly up into the air.
The quokka bites you but does no damage.
The orc priest calls down the wrath of Beogh upon you.
Beogh smites you!
You die...

#####.####.## # #... #.# #.
#.# .# #.## #รท# #.###.###.#
#.# ##'## #.........# #)##
##...#####.#.##.## #.##
##.....## #.#.##<# #.##
##.......###.#..#.# #.##
#.........##.#....#######.#.
+......o.or@)...............
#.........##o.....#########.
##.......####....## ##
##.....## #.......# ##...##
#.......# ##'## #.......#
#.# ##....### #.# ##...#
##.##


You could see an orc priest, an orc wizard, an orc and a quokka.

Vanquished Creatures
  A big kobold (Sewer)
  A howler monkey (D:4)
  A hound (D:4)
  An orc wizard (D:3)
  3 worker ants
  6 adders
  2 river rats (Sewer)
  An adder skeleton (D:5)
  2 worms
  3 dart slugs
  3 leopard geckos
  5 orcs
  2 ball pythons
  9 bats
  7 giant cockroaches
  6 goblins
  5 hobgoblins
  19 jackals
  2 quokkas
  2 frilled lizards (D:2)
  3 kobolds (Sewer)
  9 rats
93 creatures vanquished.

Notes
Turn   | Place    | Note
-------+----------+-------------------------------------------
     0 | D:1      | Korbacwystan the Draconian Berserker began the quest for
                  | the Orb.
     0 | D:1      | Reached XP level 1. HP: 19/19 MP: 1/1
    73 | D:1      | Reached XP level 2. HP: 10/27 MP: 2/2
   568 | D:1      | Reached XP level 3. HP: 32/33 MP: 3/3
  1002 | D:2      | Reached ** piety under Trog
  1040 | D:2      | Found a sparkling altar of Nemelex Xobeh.
  1913 | D:3      | Reached XP level 4. HP: 39/41 MP: 4/4
  2190 | D:3      | Found a radiant altar of Vehumet.
  2304 | D:3      | Reached XP level 5. HP: 45/47 MP: 5/5
  2485 | D:4      | Found a glowing drain.
  2519 | Sewer    | Entered a sewer
  2532 | Sewer    | Reached *** piety under Trog
  2532 | Sewer    | Reached skill level 5 in Fighting
  2944 | Sewer    | Found a glowing silver altar of Zin.
  3094 | D:4      | Reached XP level 6. HP: 56/56 MP: 6/6
  3114 | D:4      | Found a glowing golden altar of the Shining One.
  3260 | D:5      | Entered Level 5 of the Dungeon
  3328 | D:4      | Reached skill level 5 in Long Blades
  3381 | D:4      | Found a glowing silver altar of Zin.
  3965 | D:5      | HP: 2/56 [orc priest/divine providence (16)]
  3967 | D:5      | Killed from afar by an orc priest

Levels and vault maps discovered:
D:1:      tarquinn_simple_flora_water_e, layout_loops_ring
D:2:      layout_basic, nemelex_altar_shiori, minmay_misc_feat_encased,
          minmay_misc_feat_columns
D:3:      layout_rooms, nicolae_overflow_hidden_temple
D:4:      layout_cave_pools, zin_treasury, nicolae_tso_swordbearing_angel,
          portal_sewer_entry_f, first_ration
D:5:      layout_loops_corners, nicolae_dithmenos_through_a_glass_darkly

Skill      XL: |  1  2  3  4  5  6 |
---------------+-------------------+-----
Fighting       | 4 5 |  5.6
Dodging        | 3 4 |  4.1
Long Blades    | 4 5 |  5.1
Shields        | |  0.4

Action                   |  1- 3 |  4- 6 || total
-------------------------+-------+-------++-------
Melee: Falchion          |   115 |   202 ||   317
       Tailslap          |    22 |    34 ||    56
Invok: Berserk           |       |     1 ||     1
  Use: Scroll            |     6 |     2 ||     8
       Potion            |       |     4 ||     4
 Stab: Sleeping          |       |     1 ||     1
  Eat: Chunk             |     3 |     4 ||     7
       Ration            |       |     2 ||     2
Armor: Skin              |    30 |    73 ||   103
Dodge: Dodged            |    94 |   180 ||   274
Block: Kite shield       |       |    28 ||    28
       Rpst.: Falchion   |    32 |    64 ||    96

Table legend:
 A = Non-vault XP
 B = Vault XP
 C = Vault XP percentage of total XP
 D = Non-vault monster count
 E = Vault monster count
 F = Vault count percentage of total count
                 A         B        C        D         E       F
            +---------+---------+-------+---------+---------+-------
      Total |     453 |     149 |  24.8 |      78 |      15 |  16.1
            +---------+---------+-------+---------+---------+-------
        D:1 |      50 |       0 |   0.0 |      23 |       0 |   0.0
        D:2 |      34 |       0 |   0.0 |      18 |       0 |   0.0
        D:3 |     134 |       0 |   0.0 |      22 |       0 |   0.0
        D:4 |     142 |       9 |   6.0 |       8 |       4 |  33.3
        D:5 |      93 |       0 |   0.0 |       7 |       0 |   0.0
      Sewer |       0 |     140 | 100.0 |       0 |      11 | 100.0
            +---------+---------+-------+---------+---------+-------
